 Dungeon Crawl Stone Soup version 0.28-a0-925-gd5e1996cdb (webtiles) character file.

Game seed: 14054528103237512484

228 Conn the Firebug (level 6, 0/37 HPs)
             Began as an Octopode Fire Elementalist on Nov 26, 2021.
             Slain by a lemure (10 damage)
             ... led by Pikel
             ... on level 4 of the Dungeon.
             The game lasted 00:07:48 (4517 turns).

Conn the Firebug (Octopode Fire Elementalist)       Turns: 4517, Time: 00:07:49

Health: 0/37       AC:  1    Str:  8    XL:     6   Next: 2%
Magic:  10/10      EV: 13    Int: 19    God:
Gold:   224        SH:  0    Dex: 12    Spells: 9/10 levels left

rFire   . . .      SeeInvis .   a - +0 dagger
rCold   . . .      Faith    .   (no shield)
rNeg    . . .      Spirit   .   (helmet restricted)
rPois   .          Reflect  .   (no amulet)
rElec   .          Harm     .   (no ring)
rCorr   .          Rampage  .   (no ring)
Will    .....                   (no ring)
Stlth   +++.......              (no ring)
HPRegen 0.12/turn               (no ring)
MPRegen 0.12/turn               (no ring)
                                (no ring)
                                (no ring)

@: about to teleport
A: almost no armour, amphibious, 8 rings, camouflage 1, gelatinous body 1,
(nimble swimmer 1), tentacles
a: no special abilities


You were on level 4 of the Dungeon.
You visited 1 branch of the dungeon, and saw 4 of its levels.

You collected 224 gold pieces.

Inventory:

Hand Weapons
 a - a +0 dagger (weapon)
Missiles
 f - 20 poisoned darts
 o - 4 curare-tipped darts
Jewellery
 c - the ring of Murikhuibi {Ice Int+2}
   (You found it on level 4 of the Dungeon)

   [ring of ice]

   It enhances your ice magic.
   Int:       It affects your intelligence (+2).
   rF:        It makes you vulnerable to fire.
   rC:        It protects you from cold.
Scrolls
 b - a scroll of immolation
 l - a scroll of summoning {unknown}
 m - a scroll of enchant weapon {unknown}
 n - a scroll of fog {unknown}
Potions
 d - 2 potions of curing
 i - a potion of cancellation
 j - a potion of ambrosia


   Skills:
 + Level 0.8 Fighting
 + Level 1.8 Short Blades
 + Level 2.6 Dodging
 + Level 4.0 Stealth
 + Level 2.8 Spellcasting
 + Level 2.1 Conjurations
 + Level 4.3 Fire Magic


You had 9 spell levels left.
You knew the following spells:

 Your Spells              Type           Power      Damage    Failure   Level
a - Foxfire               Conj/Fire      56%        2x1d6     4%          1

Your spell library contained the following spells:

 Spells                   Type           Power      Damage    Failure   Level
 Scorch                   Fire           38%        2d6       4%          2
 Conjure Flame            Conj/Fire      14%        6-21      13%         3
 Summon Small Mammal      Summ           8%         N/A       16%         1
 Static Discharge         Conj/Air       6%         N/A       16%         2
 Inner Flame              Hex/Fire       10%        N/A       19%         3
 Blink                    Tloc           4%         N/A       24%         2
 Ensorcelled Hibernation  Hex/Ice        4%         N/A       24%         2
 Passwall                 Tmut/Erth      1%         N/A       24%         2
 Flame Wave               Conj/Fire      14%        3d5       38%         4
 Call Canine Familiar     Summ           2%         N/A       43%         3
 Spider Form              Tmut/Pois      2%         N/A       43%         3
 Summon Guardian Golem    Hex/Summ       2%         N/A       43%         3
 Swiftness                Air            2%         N/A       43%         3
 Lightning Bolt           Conj/Air       3%         1d14      95%         5
 Manifold Assault         Tloc           2%         N/A       99%         5
 Storm Form               Tmut/Air       1%         N/A       100%        7
 Maxwell's Capacitive Co  Air            1%         ∞         100%        8


Dungeon Overview and Level Annotations

Branches:
Dungeon (4/15)
 Temple: D:4-7

Altars:

Shops:
D:2 [*(

Annotations:
D:4 Pikel


Innate Abilities, Weirdness & Mutations

You cannot wear most types of armour.
You are amphibious.
You can wear up to eight rings at the same time.
Your skin changes colour to match your surroundings (Stealth+).
Your rubbery body absorbs attacks. (AC +1, EV +1)
((You are camouflaged near water. (Stealth+)))
You have tentacles for arms and can constrict up to eight enemies at once.


Message History

Pikel shouts!
Found a hand crossbow.
Casting: Foxfire (safe; 4% risk of failure)
Confirm with . or Enter, or press ? or * to list all spells.
Okay, then.
Casting: Foxfire (safe; 4% risk of failure)
Confirm with . or Enter, or press ? or * to list all spells.
You conjure some foxfire!
Pikel zaps a wand.
The bolt of acid hits you!!
Ouch! That really hurt!
* * * LOW HITPOINT WARNING * * *
Unknown command.
Unknown command.
Okay, then.
Press: ? - help, v - describe, . - travel
Here: Pikel, wielding a +0 whip of electrocution, wearing a +0 robe and carrying a wand of acid (6) (ally target)
The floor.
Your foxfire dissipates!
The foxfire hits Pikel but does no damage. 2 lemures come into view.
The lemure shouts! x2
There is an open door here.
As you read the scroll labelled GENTAWK GESOUD, it crumbles to dust.
It is a scroll of enchant armour.
You aren't carrying any armour which can be enchanted further.
As you read the scroll labelled XAZOISS GONN, it crumbles to dust.
It is a scroll of amnesia.
Really abort (and waste the scroll)? [Y]es or [N]o only, please.
Really abort (and waste the scroll)?
Okay, then.
It was a potion of curing.
You feel better. The lemure hits you.
* * * LOW HITPOINT WARNING * * *
Okay, then.
Okay, then.
As you read the scroll labelled GYFOKOA VIECEPH, it crumbles to dust.
You feel strangely unstable.
It was a scroll of teleportation.
The lemure hits you.
* * * LOW HITPOINT WARNING * * *
The lemure hits you!
You die...

#............#
#..######.##.# #..#
#.# . #..# #.#
###############..# #.#
#.....K..........# #.#
#.########...##.## #.#
#'# ########'##.####
#.# ##.
....5.5@###....# #.#
........55# ......
##†#### ..#....#..#
..#..# #...... ..)...
...# #.#..# ##.####
....# ....# #.#..# ###
....##....#
#.#..######### .....#
#.#...........
...#..###.##.###......
#....#.##.....##


You could see 4 lemures.

Vanquished Creatures
  A bullfrog zombie (D:3)
  A bullfrog skeleton (D:4)
  A jelly (D:4)
  6 adders
  2 ufetubi (D:4)
  A worm (D:2)
  An orc (D:4)
  6 ball pythons
  5 endoplasms
  5 giant cockroaches
  5 goblins
  3 hobgoblins
  8 jackals
  4 quokkas
  3 bats
  2 frilled lizards
  5 kobolds
  7 rats
66 creatures vanquished.

Vanquished Creatures (others)
  139 foxfires
139 creatures vanquished.

Grand Total: 205 creatures vanquished

Notes
Turn   | Place    | Note
-------+----------+-------------------------------------------
     0 | D:1      | Conn the Octopode Fire Elementalist began the quest for the
                  | Orb.
     0 | D:1      | Reached XP level 1. HP: 11/11 MP: 3/3
   383 | D:1      | Reached XP level 2. HP: 17/17 MP: 5/5
   388 | D:1      | You fall into a shaft and drop 1 floor!
   448 | D:1      | Found a faded altar of an unknown god.
  1278 | D:2      | Found Vodo's Assorted Antiques.
  1306 | D:2      | Found Guapini's Antique Armour Shoppe.
  1417 | D:2      | Reached XP level 3. HP: 22/22 MP: 2/6
  1610 | D:2      | Found Muarod's Weapon Boutique.
  1993 | D:3      | Reached XP level 4. HP: 11/27 MP: 0/7
  2909 | D:3      | Reached skill level 1 in Short Blades
  2909 | D:3      | Reached XP level 5. HP: 20/32 MP: 8/8
  4230 | D:4      | Identified the ring of Murikhuibi {Ice Int+2}
  4342 | D:4      | Reached XP level 6. HP: 34/37 MP: 7/10
  4487 | D:4      | Noticed Pikel
  4517 | D:4      | Slain by a lemure

Illustrated notes

Levels and vault maps discovered:
D:1:      dpeg_arrival_line_fractal, layout_loops_ring,
          chequers_ecumenical_altar_simple_redux
D:2:      layout_basic, serial_glass, glass_columns_a, glass_columns_a,
          serial_shops, nicolae_shop_statue_plus, shop, nicolae_square_shop
D:3:      layout_loops_ring, hangedman_decor_growths
D:4:      layout_loops_ring, kennysheep_pointless_box, uniq_pikel

Skill      XL: |  1  2  3  4  5  6 |
---------------+-------------------+-----
Stealth        | 3 4 |  4.0
Fire Magic     | 4 |  4.3
Short Blades   | 1 |  1.8
Conjurations   | 2 |  2.1
Fighting       | |  0.8
Dodging        | |  2.6
Spellcasting   | |  2.8

Action                   |  1- 3 |  4- 6 || total
-------------------------+-------+-------++-------
Melee: Dagger            |    28 |    72 ||   100
       Constrict         |     5 |    13 ||    18
       Tentacles         |     3 |    11 ||    14
 Cast: Foxfire           |    47 |    41 ||    88
  Use: Scroll            |       |     7 ||     7
       Potion            |       |     1 ||     1
 Stab: Sleeping          |     4 |     3 ||     7
Armor: Skin              |     5 |    10 ||    15
Dodge: Dodged            |    22 |    64 ||    86

Table legend: (Time is in decaauts)
 A = Elapsed time spent in this place.
 B = Non-inter-level travel time spent in this place.
 C = Inter-level travel time spent in this place.
 D = Time resting spent in this place.
 E = Time spent auto-exploring this place.
 F = Levels seen in this place.
 G = Mean time per level.
                   A        B        C        D        E       F      G
               +--------+--------+--------+--------+--------+-----+--------+
         Total |   4514 |   4440 |     74 |     28 |   3453 |   4 | 1128.5 |
       Dungeon |   4514 |   4440 |     74 |     28 |   3453 |   4 | 1128.5 |
               +--------+--------+--------+--------+--------+-----+--------+

Top non-repeatable levels by time:
     D:3: 1382 daAuts
     D:4: 1162 daAuts
     D:1: 1107 daAuts
     D:2: 862 daAuts
